 Dungeon Crawl Stone Soup version 0.29.1-12-g30fa7ad0bf (webtiles) character file.

Game seed: 867626092583524435

29 VinnieRosedale the Magician (level 3, 0/25 HPs)
             Began as a Djinni Venom Mage on Jan 13, 2023.
             Slain by an adder (2 damage)
             ... on level 3 of the Dungeon.
             The game lasted 00:06:06 (1856 turns).

VinnieRosedale the Magician (Djinni Venom Mage)     Turns: 1856, Time: 00:06:07

Health: 0/25       AC:  2    Str:  7    XL:     3   Next: 32%
Gold:   57         EV: 12    Int: 18    God:
                   SH:  0    Dex: 13

rFire   + . .      SeeInvis .   (no weapon)
rCold   . . .      Faith    .   (no shield)
rNeg    . . .      Spirit   .   a - +0 robe
rPois   ∞          Reflect  .   (no helmet)
rElec   .          Harm     .   (no cloak)
rCorr   .          Rampage  .   (no gloves)
Will    .....                   (boots unavailable)
Stlth   ++........              (no amulet)
HPRegen 0.08/turn               b - ring of ice
MPRegen 0.00/turn               (no ring)

@: flying
A: sickness immunity, fire resistance 2, cold vulnerability 1, float, innate
caster, HP casting, extra vitality 1
a: no special abilities


You were on level 3 of the Dungeon.
You visited 1 branch of the dungeon, and saw 3 of its levels.

You collected 57 gold pieces.

Inventory:

Missiles
 g - 4 poisoned darts (quivered)
Armour
 a - a +0 robe (worn)
Jewellery
 b - a ring of ice (left hand)
Scrolls
 e - a scroll of vulnerability
 i - a scroll of teleportation {unknown}
Potions
 c - a potion of magic
 d - 2 potions of curing {unknown}
 f - 3 potions of heal wounds {unknown}
 h - a potion of attraction {unknown}


   Skills:
 * Level 2.4 Dodging
 * Level 2.1 Stealth
 * Level 2.9 Spellcasting


You couldn't memorise any spells.
You knew the following spells:

 Your Spells              Type           Power      Damage    Failure   Level
a - Sting                 Tmut/Pois      52%        1d5       4%          1
b - Poisonous Vapours     Pois/Air       26%        N/A       8%          2
c - Mephitic Cloud        Conj/Pois/Air  13%        N/A       14%         3
d - Olgreb's Toxic Radia  Pois           13%        N/A       43%         4
e - Sandblast             Erth           26%        2d8       4%          1
Your spell library was empty.

Dungeon Overview and Level Annotations

Branches:
Dungeon (3/15)

Altars:
Cheibriados


Innate Abilities, Weirdness & Mutations

You are immune to sickness and miasma.
You are immune to poison.
Your flesh is very heat resistant. (rF++)
You are vulnerable to cold. (rC-)
You float through the air rather than walking.
You learn spells naturally, not from books.
Your magical power is your life essence.
You have superior vitality. (+4 MHP)


Message History

You throw a poisoned dart. The poisoned dart hits the ball python.
The ball python is poisoned.
The ball python hisses angrily.
You kill the ball python!
g - 4 poisoned darts (gained 1)
Found a club.
Found a falchion.
Found a scroll of identify.
j - a scroll of identify
As you read the scroll of identify, it crumbles to dust.
e - a scroll of vulnerability An adder comes into view.
The adder hisses angrily.
The adder bites you. The adder bites you.
Casting: Sting (safe; 4% risk of failure)
Confirm with . or Enter, or press ? or * to list all spells.
Aiming: Poisonous Vapours (safe; 8% risk of failure)
Press: ? - help, Dir - move target, f - adder
Aim: an adder Poisonous vapours surround the adder!
The adder is poisoned.
The adder closely misses you.
Casting: Poisonous Vapours (safe; 8% risk of failure)
Confirm with . or Enter, or press ? or * to list all spells.
Aiming: Poisonous Vapours (safe; 8% risk of failure)
Press: ? - help, Dir - move target, f/p - adder
Aim: an adder (poisoned) Poisonous vapours surround the adder!
The adder looks even sicker.
The adder bites you. The adder barely misses you. The adder barely misses you.
The adder bites you. The adder attacks as you move away!
The adder barely misses you. The adder attacks as you move away!
The adder bites you. The adder attacks as you move away! The adder bites you.
* * * LOW HITPOINT WARNING * * *
The adder bites you.
* * * LOW HITPOINT WARNING * * *
The adder attacks as you move away! The adder bites you.
* * * LOW HITPOINT WARNING * * *
The adder bites you.
You die...

#####.#.#...#
#...#.#...#
##..#.#..##
##.#.#.###
###.##### #......
###.... #####.###
##<.. #@.......
##.. #S###.###.#
##+ #.# .# #.# #.
#.###. #.# ##.
#.##.. #.# ###..
#.##.# #.####....
#.##.# #.##......
#.##.####.##.#.#..
#.........##.#.#..


You could see an adder (poisoned).

Vanquished Creatures
  An adder (D:2)
  A worm (D:2)
  An orc (D:3)
  3 bats (D:1)
  An endoplasm (D:1)
  A goblin (D:1)
  2 hobgoblins (D:3)
  A ball python (D:3)
  A kobold (D:1)
  4 rats (D:1)
16 creatures vanquished.

Vanquished Creatures (others)
  A plant (D:1)
1 creature vanquished.

Grand Total: 17 creatures vanquished

Notes
Turn   | Place    | Note
-------+----------+-------------------------------------------
     0 | D:1      | VinnieRosedale the Djinni Venom Mage began the quest for
                  | the Orb.
     0 | D:1      | VinnieRosedale set off with the following spells memorised:
                  | Sting, Poisonous Vapours, Mephitic Cloud, Olgreb's Toxic
                  | Radiance.
     0 | D:1      | Reached XP level 1. HP: 15/15 MP: 0/0
   180 | D:1      | Reached XP level 2. HP: 5/21 MP: 0/0
   518 | D:2      | Reached XP level 3. HP: 10/25 MP: 0/0
   518 | D:2      | Learned a level 1 spell: Sandblast
  1733 | D:3      | Found a snail-covered altar of Cheibriados.
  1854 | D:3      | HP: 1/25 [adder (2)]
  1856 | D:3      | Slain by an adder

Illustrated notes

Levels and vault maps discovered:
D:1:      kennysheep_arrival_seaside, layout_loops_ring,
          minmay_misc_feat_enclosed, minivault_23, minmay_pentomino_x2
D:2:      layout_basic, minmay_close_crescents
D:3:      layout_loops_corners, chei_slow_surprise, lemuel_crystal_altar,
          serial_aquarium, aquarium_bridge_long_separate
          [aquarium_subvault_bridge, aquarium_subvault_window,
          aquarium_subvault_wall, aquarium_subvault_wall,
          aquarium_subvault_window, aquarium_subvault_bridge],
          aquarium_bridge_square [aquarium_subvault_bridge,
          aquarium_subvault_window, aquarium_subvault_bridge,
          aquarium_subvault_balcony], aquarium_window_1, aquarium_window_1,
          aquarium_window_fake, aquarium_window_2, aquarium_view_2a,
          aquarium_view_2d, aquarium_balcony_5b, aquarium_pool_2

Skill      XL: |  1  2 |
---------------+-------+-----
Stealth        | 2 |  2.1
Dodging        | |  2.4
Spellcasting   | |  2.9

Action                   || total
-------------------------++-------
Melee: Unarmed           ||     5
Throw: Dart              ||     6
 Cast: Sting             ||    15
       Poisonous Vapours ||     9
       Sandblast         ||     3
  Use: Scroll            ||     2
Armor: Robe              ||     9
Dodge: Dodged            ||    23
